Map: Solaris LE

Players

Classic - Winner!

  • Race: Protoss Protoss
  • Spawn Location: 1:00

Creator

  • Race: Protoss Protoss
  • Spawn Location: 7:00

VOD

Have the link to the VOD?

Description

Time

  • Played on: Dec. 27, 2023, 5:59 a.m.
  • Length: 11:37
Show
View Real Time Build Order
Export as new Build Order

Classic Protoss - Winner!

Build Orders: Archon Immortal 

Get SALT Encoding   

  12  0:00  Probe  
  13  0:12  Probe  
  14  0:18  Pylon  
  14  0:24  Probe (Chrono Boost)  
  15  0:36  Probe (Chrono Boost)  
  15  0:37  Gateway  
  16  0:45  Probe (Chrono Boost)  
  16  0:46  Assimilator  
  17  0:50  Probe  
  17  0:56  Assimilator  
  18  1:03  Probe (Chrono Boost)  
  19  1:08  Gateway  
  20  1:12  Probe (Chrono Boost)  
  20  1:17  Probe (Chrono Boost)  
  20  1:24  Cybernetics Core  
  21  1:29  Probe  
  22  1:36  Pylon  
  22  1:41  Probe  
  23  1:54  Probe  
  23  2:01  Adept x2, Warp Gate (Chrono Boost)  
  28  2:13  Pylon  
  28  2:27  Pylon  
  28  2:31  Sentry x2  
  32  2:46  Nexus  
  32  2:48  Probe  
  33  2:54  Sentry  
  33  2:57  Stalker  
  37  3:14  Probe  
  34  3:20  Stargate  
  34  3:27  Shield Battery  
  34  3:28  Probe  
  34  3:35  Pylon  
  34  3:44  Stalker x2  
  38  3:51  Pylon  
  38  4:03  Phoenix (Chrono Boost)  
  40  4:11  Probe  
  40  4:12  Probe  
  42  4:21  Phoenix (Chrono Boost)  
  44  4:27  Probe x2  
  46  4:33  Stalker  
  48  4:40  Probe  
  48  4:41  Probe  
  48  4:47  Phoenix  
  47  4:56  Probe  
  47  4:57  Probe  
  46  5:09  Probe (Chrono Boost)  
  46  5:10  Robotics Facility  
  46  5:11  Probe (Chrono Boost)  
  47  5:21  Probe (Chrono Boost)  
  49  5:23  Probe (Chrono Boost)  
  50  5:29  Stalker  
  50  5:30  Probe (Chrono Boost)  
  50  5:31  Probe (Chrono Boost)  
  50  5:33  Stalker  
  50  5:34  Probe (Chrono Boost)  
  55  5:35  Probe (Chrono Boost)  
  55  5:39  Pylon  
  57  5:44  Probe  
  57  5:47  Probe  
  59  5:53  Assimilator  
  59  5:55  Forge  
  59  5:56  Probe  
  60  6:02  Observer (Chrono Boost)  
  61  6:05  Probe  
  61  6:08  Probe  
  57  6:17  Probe, Immortal (Chrono Boost)  
  57  6:18  Adept x2  
  64  6:21  Probe  
  64  6:23  Assimilator  
  67  6:26  Shield Battery  
  67  6:33  Protoss Ground Weapons Level 1, Probe x2  
  67  6:35  Pylon  
  69  6:46  Probe, Pylon  
  70  6:48  Twilight Council  
  70  6:52  Immortal (Chrono Boost)  
  74  7:01  Gateway  
  74  7:06  Gateway  
  74  7:18  Sentry  
  74  7:20  Oracle (Chrono Boost)  
  76  7:28  Immortal  
  76  7:29  Pylon  
  83  7:39  Charge  
  83  7:47  Pylon  
  83  7:49  Nexus  
  83  7:51  Probe, Pylon  
  83  7:52  Probe  
  83  7:58  Observer  
  83  8:02  Adept x2  
  85  8:07  Immortal (Chrono Boost)  
  85  8:09  Shield Battery  
  89  8:29  Gateway  
  89  8:30  Gateway  
  89  8:33  Templar Archives, Protoss Ground Weapons Level 2 (Chrono Boost)  
  89  8:41  Immortal (Chrono Boost)  
  93  8:51  Gateway  
  93  8:52  Gateway  
  93  9:02  Probe x2  
  95  9:03  Probe  
  95  9:04  Zealot  
  95  9:05  Zealot  
  100  9:16  Probe  
  101  9:17  Warp Prism (Chrono Boost), Probe  
  101  9:19  Probe  
  105  9:25  High Templar  
  105  9:26  High Templar x3  
  105  9:29  Pylon  
  105  9:31  Archon x2  
  112  9:35  Zealot x2  
  112  9:37  Pylon  
  116  9:39  Pylon  
  116  9:49  Observer  
  117  9:59  High Templar x2  
  121  10:00  Zealot x6  
  121  10:03  Pylon  
  121  10:05  Archon  
  133  10:25  Nexus  
  133  10:26  Pylon  
  133  10:27  High Templar x2  
  137  10:29  Zealot x4  
  137  10:31  Archon  
  137  10:32  Zealot  
  137  10:33  Zealot  
  145  10:54  Zealot x6  
  125  11:11  Zealot  
  125  11:12  Zealot  
  125  11:15  Zealot x6  
Show
View Real Time Build Order
Export as new Build Order

Creator Protoss 

Build Orders: Oracle Opening 

Get SALT Encoding   

  12  0:00  Probe  
  13  0:12  Probe  
  14  0:16  Pylon  
  14  0:24  Probe (Chrono Boost)  
  15  0:36  Probe (Chrono Boost)  
  15  0:37  Gateway  
  16  0:44  Probe (Chrono Boost)  
  16  0:45  Assimilator  
  17  0:51  Probe  
  18  0:59  Assimilator  
  18  1:03  Probe (Chrono Boost)  
  19  1:07  Gateway  
  19  1:12  Probe (Chrono Boost)  
  19  1:17  Probe (Chrono Boost)  
  21  1:26  Cybernetics Core  
  21  1:29  Probe  
  22  1:37  Pylon  
  22  1:41  Probe  
  23  1:55  Probe  
  24  2:02  Stalker  
  24  2:03  Stalker, Warp Gate  
  28  2:13  Pylon  
  28  2:27  Stargate  
  28  2:35  Adept x2  
  32  3:03  Nexus  
  31  3:05  Probe  
  27  3:15  Oracle (Chrono Boost)  
  29  3:23  Probe  
  30  3:35  Probe  
  31  3:47  Shield Battery, Probe  
  32  3:49  Oracle (Chrono Boost)  
  35  4:00  Adept, Probe  
  38  4:14  Probe (Chrono Boost)  
  38  4:16  Probe (Chrono Boost)  
  40  4:21  Twilight Council  
  40  4:28  Adept, Probe (Chrono Boost)  
  44  4:31  Probe (Chrono Boost)  
  44  4:35  Probe (Chrono Boost)  
  44  4:38  Probe (Chrono Boost)  
  44  4:40  Stalker  
  41  4:53  Stalker  
  40  5:01  Probe (Chrono Boost)  
  40  5:04  Probe (Chrono Boost)  
  40  5:06  Blink (Chrono Boost)  
  40  5:13  Probe (Chrono Boost)  
  42  5:16  Probe (Chrono Boost)  
  39  5:21  Probe (Chrono Boost)  
  39  5:23  Shield Battery  
  39  5:25  Probe (Chrono Boost)  
  39  5:27  Stalker  
  43  5:29  Probe x2 (Chrono Boost)  
  43  5:32  Stalker  
  46  5:37  Pylon  
  46  5:39  Probe  
  46  5:41  Probe  
  48  5:48  Gateway  
  48  5:51  Stalker  
  48  5:52  Probe  
  48  5:54  Probe  
  50  6:04  Zealot  
  50  6:07  Probe x2  
  52  6:14  Stalker  
  52  6:17  Robotics Facility  
  54  6:21  Assimilator, Probe x2  
  54  6:25  Stalker  
  58  6:30  Pylon  
  57  6:33  Probe  
  57  6:34  Probe  
  57  6:39  Stalker  
  61  6:51  Stalker x2  
  65  6:58  Nexus  
  63  7:03  Probe, Pylon  
  63  7:04  Probe  
  63  7:08  Pylon  
  66  7:09  Observer (Chrono Boost)  
  66  7:10  Stalker  
  67  7:16  Stalker, Probe x2  
  67  7:22  Shield Battery  
  70  7:28  Probe x2  
  72  7:40  Probe x2 (Chrono Boost)  
  72  7:41  Charge, Sentry, Forge, Observer  
  72  7:42  Pylon  
  77  7:47  Adept  
  80  7:51  Probe x2 (Chrono Boost)  
  80  7:57  Probe x2 (Chrono Boost)  
  78  8:07  Gateway  
  78  8:08  Gateway, Probe (Chrono Boost)  
  78  8:11  Stalker, Sentry  
  83  8:15  Probe (Chrono Boost)  
  83  8:16  Probe (Chrono Boost)  
  83  8:17  Protoss Ground Weapons Level 1 (Chrono Boost)  
  85  8:22  Pylon  
  85  8:26  Probe (Chrono Boost)  
  87  8:29  Probe x2 (Chrono Boost)  
  87  8:31  Stalker  
  87  8:34  Probe x2 (Chrono Boost)  
  90  8:35  Stalker, Probe (Chrono Boost)  
  90  8:38  Shield Battery  
  94  8:44  Probe x2  
  94  8:45  Assimilator, Probe  
  94  8:48  Gateway, Phoenix  
  97  8:58  Gateway  
  97  9:00  Gateway, Zealot  
  97  9:01  Zealot, Templar Archives  
  101  9:04  Observer  
  101  9:07  Warp Prism  
  101  9:08  Zealot  
  105  9:12  Zealot  
  105  9:16  Zealot  
  109  9:23  Zealot  
  109  9:24  Zealot  
  113  9:26  Pylon  
  113  9:29  Pylon  
  113  9:34  Nexus  
  113  9:36  Pylon  
  113  9:39  High Templar  
  113  9:40  High Templar  
  113  9:44  Archon  
  117  9:56  Zealot x5  
  117  9:57  High Templar  
  129  10:03  Photon Cannon  
  129  10:07  Gateway x2  
  129  10:14  Shield Battery  
  129  10:15  High Templar  
  131  10:26  Zealot x4  
  131  10:28  Archon  
  139  10:40  High Templar x2  
  141  10:44  Archon, Pylon x2  
  141  10:45  Pylon  
  141  10:50  Zealot  
  141  10:51  Zealot x3  
  135  10:58  Zealot x2  
  131  11:05  Zealot x2  
  131  11:11  Stalker x4  
  118  11:14  Zealot x2  
  105  11:19  Zealot x2  
  101  11:29  Zealot x2  
Tags
 
Composition
Archon Immortal
Matchup
PvP
Replay Pack
December 2023
Spawn Locations
Cross Positions
Add a new tag
Caveats
  • Supply blocks, unpowered buildings, or Contaminate may cause inaccurate times.
  • Supply counts are checked every 10 seconds.